 Dungeon Crawl Stone Soup version 0.22-a0-608-g8a62e23 (webtiles) character file.

728 gmonis the Basher (level 7, -2/57 HPs)
             Began as a Minotaur Berserker on July 9, 2018.
             Was a Priest of Trog.
             Slain by an orc priest
             ... wielding a +0 mace
              (4 damage)
             ... on level 4 of the Dungeon.
             The game lasted 00:06:01 (3941 turns).

gmonis the Basher (Minotaur Berserker)              Turns: 3941, Time: 00:06:02

Health: -2/57      AC:  3    Str: 21    XL:     7   Next: 44%
Magic:  6/6        EV: 12    Int:  4    God:    Trog [***...]
Gold:   162        SH:  5    Dex: 12    Spells: 6/6 levels left

rFire    . . .     SeeInvis .   a - +0 mace
rCold    . . .     Gourm    .   l - +0 buckler
rNeg     . . .     Faith    .   b - +0 animal skin
rPois    .         Spirit   .   (helmet restricted)
rElec    .         Reflect  .   (no cloak)
rCorr    .         Harm     .   (no gloves)
MR       ++...                  x - +0 pair of boots
Stlth    +.........             (no amulet)
HPRegen  1.19/turn              (no ring)
MPRegen  0.10/turn              (no ring)

@: regenerating
A: retaliatory headbutt, horns 2
a: Berserk, Trog's Hand, Renounce Religion


You were on level 4 of the Dungeon.
You worshipped Trog.
Trog was most pleased with you.
You were hungry.

You visited 1 branch of the dungeon, and saw 5 of its levels.

You collected 162 gold pieces.

Inventory:

Hand Weapons
 a - a +0 mace (weapon)
Missiles
 i - 84 stones (quivered)
Armour
 b - a +0 animal skin (worn)
 l - a +0 buckler (worn)
 q - a cursed +0 ring mail
 x - a +0 pair of boots (worn)
Jewellery
 f - an uncursed amulet of the gourmand {unknown}
 o - an uncursed ring of stealth {unknown}
 r - an uncursed amulet of magic regeneration {unknown}
 y - a cursed ring of loudness {unknown}
 A - a +3 ring of evasion {unknown}
Scrolls
 d - 5 scrolls of identify {unknown}
 e - 2 scrolls of enchant weapon {unknown}
 k - a scroll of immolation {unknown}
 m - a scroll of amnesia {unknown}
 n - a scroll of noise {unknown}
 p - 3 scrolls of remove curse {unknown}
 s - a scroll of fear {unknown}
 v - a scroll of blinking {unknown}
Potions
 g - 3 potions of curing {unknown}
 h - 2 potions of heal wounds {unknown}
 j - a potion of brilliance {unknown}
 t - a potion of might {unknown}
 u - a potion of mutation {unknown}
 w - a potion of ambrosia {unknown}
Comestibles
 c - 10 rations
 z - 4 chunks of flesh


   Skills:
 - Level 3.6 Fighting
 * Level 9.5 Maces & Flails
 - Level 2.4 Armour
 - Level 2.1 Dodging
 - Level 4.2 Shields


You had 6 spell levels left.
You didn't know any spells.
Your spell library was empty.

Dungeon Overview and Level Annotations

Branches:
Dungeon (5/15)
 Temple: D:4-7

Altars:
Fedhas
Makhleb
Okawaru
Trog

Annotations:
D:3 3 runed doors, TheNamelessOne's ghost, amateur HuAK; galech's ghost, amateur OgBe


Innate Abilities, Weirdness & Mutations

You reflexively headbutt those who attack you in melee.
You have a pair of horns on your head.


Message History

You headbutt the orc, but do no damage.
You are too injured to fight recklessly!
You block the orc's attack. The ice beast hits you. The ice beast freezes you!
* * * LOW HITPOINT WARNING * * *
The orc priest hits you with a mace.
* * * LOW HITPOINT WARNING * * *
The orc misses you. You furiously retaliate!
You headbutt the orc!
You kill the orc!
Trog accepts your kill.
You climb upwards.
There is a stone staircase leading down here.
Your skin crawls.
You feel resistant to hostile enchantments.
You are feeling hungry.
The orc closely misses you. The ice beast hits you.
* * * LOW HITPOINT WARNING * * *
The ice beast freezes you.
* * * LOW HITPOINT WARNING * * *
The orc priest hits you with a mace.
You die...

...# #..........)<..#.......
...##
#..............#.....).
....#
#######.[......#.......
....#
########........#.......
....#
##.......##....[.#######.
....#
##..♣...♣..##.....##...###
....#
#...........#.(....#...###
....#
#.....♣...o.#.............
....#
#..<....Y@..##............
....#
#.....♣.).o.#######.......
#####
#...........#....##.......
##..♣...♣..##....###...#.#
#####.......##.............#
#.....................######
#..................)..#
#............###......#
#...)........# #......#


You could see an ice beast, an orc priest and an orc.

Vanquished Creatures
  Duvessa (D:4)
  2 ogres
  Dowan (D:4)
  A water moccasin skeleton (D:4)
  A howler monkey (D:4)
  A hound (D:4)
  An orc wizard (D:3)
  An iguana (D:4)
  Terence (D:2)
  A worker ant (D:4)
  A hound skeleton (D:4)
  6 adders
  An ooze (D:3)
  3 worms
  2 dart slugs (D:3)
  5 leopard geckos
  15 orcs
  3 bats
  6 giant cockroaches
  7 goblins
  5 hobgoblins
  4 jackals (D:2)
  2 quokkas
  A ball python (D:3)
  4 frilled lizards
  4 kobolds
  4 rats
84 creatures vanquished.

Notes
Turn   | Place    | Note
-------+----------+-------------------------------------------
     0 | D:1      | gmonis the Minotaur Berserker began the quest for the Orb.
     0 | D:1      | Reached XP level 1. HP: 19/19 MP: 0/0
    41 | D:1      | Reached skill level 4 in Maces & Flails
   240 | D:1      | Reached XP level 2. HP: 22/26 MP: 1/1
   964 | D:2      | Reached XP level 3. HP: 31/31 MP: 2/2
   974 | D:2      | Reached skill level 5 in Maces & Flails
   974 | D:2      | Reached skill level 1 in Shields
  1167 | D:2      | Found a blossoming altar of Fedhas.
  1175 | D:2      | Reached ** piety under Trog
  1489 | D:2      | Reached XP level 4. HP: 39/39 MP: 3/3
  1539 | D:2      | Noticed Terence
  1542 | D:2      | Killed Terence
  2086 | D:3      | Reached skill level 6 in Maces & Flails
  2161 | D:3      | Found an iron altar of Okawaru.
  2327 | D:3      | Reached XP level 5. HP: 21/45 MP: 4/4
  2752 | D:3      | Found a runed gate.
  2752 | D:3      | Found a runed gate.
  2752 | D:3      | Found a runed gate.
  2760 | D:3      | Noticed TheNamelessOne's ghost (amateur HuAK)
  2761 | D:3      | Noticed TheNamelessOne's ghost (amateur HuAK)
  2761 | D:3      | Noticed galech's ghost (amateur OgBe)
  2903 | D:4      | Noticed Dowan
  2905 | D:4      | Noticed Duvessa
  2981 | D:4      | Found a burning altar of Makhleb.
  3033 | D:4      | Killed Duvessa
  3033 | D:4      | Reached skill level 7 in Maces & Flails
  3041 | D:4      | Killed Dowan
  3041 | D:4      | Reached XP level 6. HP: 51/51 MP: 5/5
  3184 | D:4      | Reached skill level 8 in Maces & Flails
  3256 | D:3      | Reached XP level 7. HP: 57/57 MP: 6/6
  3371 | D:4      | Reached *** piety under Trog
  3616 | D:4      | Reached skill level 9 in Maces & Flails
  3788 | D:4      | Found a bloodstained altar of Trog.
  3819 | D:4      | Found a blossoming altar of Fedhas.
  3920 | D:5      | Entered Level 5 of the Dungeon
  3941 | D:4      | HP: 2/57 [ice beast (5)]
  3941 | D:4      | Slain by an orc priest

Vault maps used:
D:1:      dpeg_arrival_tiny_h
D:2:      hangedman_feature_mirror, fedhas_altar_2, uniq_terence
D:3:      gammafunk_ghost_cemetery, first_ration, minmay_door_square,
          okawaru_trees_2
D:4:      nicolae_overflow_hidden_temple, kennysheep_mini_moat,
          grunt_ministairs_10, bloody_makhleb, uniq_duvessa
D:5:      serial_shops, nicolae_shop_stone, nicolae_dithmenos_shadow_blocks

Skill      XL: |  1  2  3  4  5  6  7 |
---------------+----------------------+-----
Maces & Flails | 4 5 6 7 8 9 |  9.5
Shields        | 1 2 3 4 |  4.2
Fighting       | |  3.6
Armour         | |  2.4
Dodging        | |  2.1

Action                   |  1- 3 |  4- 6 |  7- 9 || total
-------------------------+-------+-------+-------++-------
Melee: Mace              |    75 |    80 |    42 ||   197
       Headbutt          |     8 |    17 |    14 ||    39
Throw: Stone             |       |     1 |       ||     1
Invok: Berserk           |     1 |     3 |     2 ||     6
       Trog's Hand       |       |       |     1 ||     1
  Eat: Chunk             |     3 |     4 |     4 ||    11
       Ration            |       |     1 |       ||     1
Armor: Animal skin       |    13 |     8 |       ||    21
Dodge: Dodged            |    46 |    50 |    30 ||   126
Block: Buckler           |     6 |    13 |    11 ||    30

Table legend:
 A = Spawn XP
 B = Non-spawn XP
 C = Spawn XP percentage of total XP
 D = Spawn monster count
 E = Non-spawn monster count
 F = Spawn count percentage of total count
 G = Total turns spent on level
                    A         B        C        D         E        F      G
               +---------+---------+-------+---------+---------+-------+---------
         Total |       0 |    1040 |   0.0 |       0 |      84 |   0.0 |  3941
               +---------+---------+-------+---------+---------+-------+---------
           D:1 |       0 |      20 |   0.0 |       0 |      11 |   0.0 |   710
           D:2 |       0 |     121 |   0.0 |       0 |      25 |   0.0 |  1366
           D:3 |       0 |     237 |   0.0 |       0 |      22 |   0.0 |   967
           D:4 |       0 |     659 |   0.0 |       0 |      25 |   0.0 |   891
           D:5 |       0 |       3 |   0.0 |       0 |       1 |   0.0 |     7
               +---------+---------+-------+---------+---------+-------+---------
